 Dungeon Crawl Stone Soup version 0.26.1-11-gd32895ea62 (webtiles) character file.

Game seed: 3184073760608221691

851 Felido the Cutter (level 7, -2/41 HPs)
             Began as a Deep Elf Monk on June 27, 2021.
             Was a Believer of Sif Muna.
             Shot with an arrow by a centaur (7 damage)
             ... on level 6 of the Dungeon.
             The game lasted 00:14:44 (6834 turns).

Felido the Cutter (Deep Elf Monk)                   Turns: 6834, Time: 00:14:47

Health: -2/41      AC: 15    Str: 10    XL:     7   Next: 69%
Magic:  9/9        EV: 18    Int: 15    God:    Sif Muna [**....]
Gold:   332        SH:  0    Dex: 17    Spells: 1/6 levels left

rFire    + . .     SeeInvis .   a - +4 short sword
rCold    . . .     Faith    .   (no shield)
rNeg     . . .     Spirit   .   b - +3 plate armour
rPois    .         Reflect  .   (no helmet)
rElec    .         Harm     .   g - scarf {+Inv}
rCorr    .         Rampage  .   c - +0 pair of gloves
Will     .....                  (no boots)
Stlth    ..........             h - amulet of the acrobat
HPRegen  0.13/turn              l - ring of fire
MPRegen  0.11/turn              q - ring of protection from cold

@: acrobat, hasted, very quick
A: no striking features
a: Renounce Religion, Evoke Invisibility, Channel Magic


You were on level 6 of the Dungeon.
You worshipped Sif Muna.
Sif Muna was pleased with you.
You visited 1 branch of the dungeon, and saw 6 of its levels.
You also visited: Ossuary.

You collected 332 gold pieces.

Inventory:

Hand Weapons
 a - a +4 short sword (weapon)
 s - a +3 vorpal hand axe
 u - a +0 dagger of venom
Armour
 b - a +3 plate armour (worn)
 c - a +0 pair of gloves (worn)
 f - a +2 ring mail
 g - a scarf of invisibility (worn)
 j - a +2 cloak
Jewellery
 h - an amulet of the acrobat (around neck)
 l - a ring of fire (left hand)
 q - a ring of protection from cold (right hand)
 v - an uncursed ring of protection from fire {unknown}
Scrolls
 d - 2 scrolls of fog
 i - 4 scrolls of immolation
 k - 5 scrolls of teleportation
 m - 2 scrolls of magic mapping
 n - a scroll of identify
 o - a scroll of random uselessness
 p - a scroll of remove curse
Potions
 e - 2 potions of haste
 w - a potion of curing


   Skills:
 + Level 3.5 Fighting
 + Level 6.2 Short Blades
 + Level 3.2 Armour
 + Level 5.2 Dodging
 + Level 4.6 Stealth


You had one spell level left.
You knew the following spells:

 Your Spells              Type           Power        Failure   Level
a - Summon Mana Viper     Hex/Summ       0%           100%        5

Your spell library contained the following spells:

 Spells                   Type           Power        Failure   Level
 Summon Demon             Summ           0%           100%        5
 Summon Forest            Summ/Tloc      0%           100%        5
 Shadow Creatures         Summ           N/A          100%        6
 Summon Hydra             Summ           0%           100%        7


Dungeon Overview and Level Annotations

Branches:
Dungeon (6/15)            Ossuary (visited)
 Temple: D:4-7

Altars:
Sif Muna
Wu Jian


Message History

The bullfrog hits you but does no damage. x2
The ogre hits you with a +0 giant club.
* * * LOW HITPOINT WARNING * * *
A howler monkey comes into view.
The howler monkey howls!
Found 32 stones.
Hit: a) +4 short sword
Press: ? - help, Dir - move target You can't see that place.
Okay, then.
Press: ? - help, v - describe, . - travel A teleport trap.
Really walk into that teleport trap?
You enter a teleport trap!
The teleport trap disappears.
Your surroundings suddenly seem different.
A centaur comes into view.
The centaur shouts!
The centaur wields a +0 shortbow.
The centaur shoots an arrow.
The arrow hits you!
You die...

#...... #......
#......####+###
...............
...............
...............
........)....c.
.......@.......
.........######
.........#
.........#
.........#
#........#
#........#
#........#


You could see a centaur.

Vanquished Creatures
  An ice beast (D:5)
  A phantom (D:3)
  2 ogres
  A big kobold (D:4)
  The ghost of Almogavar the Conjurer, an amateur KoCj (D:3)
  A hound (D:4)
  A bullfrog skeleton (D:4)
  4 orc wizards
  A centaur simulacrum (D:3)
  A howler monkey skeleton (D:5)
  4 adders
  A white imp (D:5)
  2 worker ant simulacra (D:3)
  2 oozes
  An adder skeleton (D:4)
  4 worms
  5 leopard geckos
  15 orcs
  A ball python (D:5)
  2 giant cockroaches
  3 goblins (D:1)
  4 hobgoblins
  6 jackals
  3 quokkas
  4 bats
  4 frilled lizards
  2 giant cockroach simulacra (D:3)
  9 kobolds
  A leopard gecko zombie (D:4)
  A quokka simulacrum (D:3)
  2 quokka skeletons
  10 rats
100 creatures vanquished.

Vanquished Creatures (others)
  An orc wizard (D:5)
1 creature vanquished.

Grand Total: 101 creatures vanquished

Notes
Turn   | Place    | Note
-------+----------+-------------------------------------------
     0 | D:1      | Felido the Deep Elf Monk began the quest for the Orb.
     0 | D:1      | Reached XP level 1. HP: 13/13 MP: 3/3
   520 | D:1      | Reached XP level 2. HP: 18/18 MP: 4/4
  2079 | D:3      | Reached XP level 3. HP: 14/22 MP: 5/5
  2305 | D:3      | Noticed Almogavar's ghost (amateur KoCj)
  2332 | D:3      | Found a runed translucent gate.
  2332 | D:3      | Found a runed translucent gate.
  2332 | D:3      | Found a runed translucent gate.
  2667 | D:3      | Killed Almogavar's ghost
  2668 | D:3      | Reached skill level 4 in Short Blades
  2668 | D:3      | Reached skill level 1 in Armour
  2668 | D:3      | Reached XP level 4. HP: 2/27 MP: 6/6
  3051 | D:3      | Noticed a phantom
  3087 | D:3      | Killed a phantom
  3088 | D:3      | Reached XP level 5. HP: 13/32 MP: 7/7
  3838 | D:4      | Found a sand-covered staircase.
  3876 | Ossuary  | Entered an ossuary
  3946 | D:4      | Reached XP level 6. HP: 22/37 MP: 8/8
  4430 | D:4      | Reached skill level 5 in Short Blades
  4493 | D:4      | Reached XP level 7. HP: 35/41 MP: 9/9
  4656 | D:4      | Reached skill level 5 in Dodging
  5228 | D:5      | Entered Level 5 of the Dungeon
  5699 | D:5      | Found an ornate altar of the Wu Jian Council.
  5947 | D:5      | Reached skill level 6 in Short Blades
  6259 | D:5      | Found a shimmering blue altar of Sif Muna.
  6265 | D:5      | Became a worshipper of Sif Muna the Loreminder
  6265 | D:5      | Reached * piety under Sif Muna
  6265 | D:5      | Reached ** piety under Sif Muna
  6292 | D:5      | Learned a level 5 spell: Summon Mana Viper
  6834 | D:6      | Shot with an arrow by a centaur

Illustrated notes

Levels and vault maps discovered:
D:1:      dpeg_arrival_erosion, layout_basic
D:2:      layout_loops_ring
D:3:      layout_loops_ring, gammafunk_ghost_icy
D:4:      layout_loops_ring, chequers_ossuary_entry_cave,
          minmay_fractal_squares_5
D:5:      layout_loops_ring, led_sif_book, basic_altar
D:6:      layout_gridville, uniq_sigmund

Skill      XL: |  1  2  3  4  5  6  7 |
---------------+----------------------+-----
Dodging        | 4 5 |  5.2
Stealth        | 3 4 |  4.6
Short Blades   | 4 5 6 |  6.2
Armour         | 1 2 3 |  3.2
Fighting       | 3 |  3.5

Action                   |  1- 3 |  4- 6 |  7- 9 || total
-------------------------+-------+-------+-------++-------
Melee: Short sword       |   106 |   191 |   139 ||   436
  Use: Scroll            |    10 |     1 |     6 ||    17
       Potion            |     7 |       |     5 ||    12
 Stab: Sleeping          |     6 |     3 |       ||     9
Armor: Ring mail         |    32 |    38 |       ||    70
       Robe              |     1 |       |       ||     1
       Plate armour      |       |       |    82 ||    82
Dodge: Dodged            |    63 |    75 |    28 ||   166
